 Dungeon Crawl Stone Soup version 0.24.0-13-gcf9b3192b9 (console) character file.

Game seed: 13829124759355224878, levelgen mode: deterministic

2765 Garrluk the Thrower (level 9, -2/98 HPs)
             Began as an Ogre Hunter on Nov 7, 2019.
             Was a Priest of Okawaru.
             Slain by Harold
             ... wielding a +0 glaive
              (25 damage)
             ... on level 7 of the Dungeon.
             The game lasted 00:27:04 (6791 turns).

Garrluk the Thrower (Ogre Hunter)                   Turns: 6791, Time: 00:27:04

Health: -2/98      AC:  5    Str: 18    XL:     9   Next: 69%
Magic:  9/9        EV:  6    Int: 15    God:    Okawaru [***...]
Gold:   537        SH:  0    Dex:  9    Spells: 8/8 levels left

rFire    . . .     SeeInvis .   c - +2 whip (flame)
rCold    + . .     Gourm    .   (no shield)
rNeg     . . .     Faith    .   m - +2 robe {MR+}
rPois    .         Spirit   .   (helmet restricted)
rElec    .         Reflect  .   (no cloak)
rCorr    .         Harm     .   (gloves unavailable)
MR       +....                  (boots unavailable)
Stlth    +.........             (no amulet)
HPRegen  0.26/turn              n - ring of wizardry
MPRegen  0.11/turn              v - ring of protection from cold

@: held
A: large, unfitting armour, tough skin 1
a: Heroism, Renounce Religion


You were on level 7 of the Dungeon.
You worshipped Okawaru.
Okawaru was most pleased with you.
You were not hungry.

You visited 1 branch of the dungeon, and saw 7 of its levels.

You collected 537 gold pieces.

Inventory:

Hand Weapons
 a - a +0 short sword
 c - a +2 whip of flaming (weapon)
 k - a +1 whip of pain
Missiles
 d - a throwing net
 e - 79 stones
 l - 2 large rocks (quivered)
Armour
 b - a +0 robe
 m - a +2 robe of magic resistance (worn)
Jewellery
 n - a ring of wizardry (left hand)
 v - a ring of protection from cold (right hand)
Scrolls
 g - 9 scrolls of identify {unknown}
 p - 2 scrolls of remove curse {unknown}
 r - a scroll of fog {unknown}
 s - a scroll of immolation {unknown}
 u - a scroll of amnesia {unknown}
 w - a scroll of blinking {unknown}
 x - a scroll of magic mapping {unknown}
 y - a scroll of fear {unknown}
 A - a scroll of vulnerability {unknown}
Potions
 h - 2 potions of curing
 i - 2 potions of flight {unknown}
 j - 3 potions of agility {unknown}
 o - 2 potions of mutation {unknown}
 q - 2 potions of invisibility {unknown}
 z - 2 potions of cancellation {unknown}
Comestibles
 f - 15 rations
 t - 5 chunks of flesh


   Skills:
 + Level 9.0 Fighting
 * Level 10.0 Throwing
 + Level 6.1 Dodging
 - Level 0.6 Stealth


You had 8 spell levels left.
You didn't know any spells.
Your spell library was empty.

Dungeon Overview and Level Annotations

Branches:
Dungeon (7/15)             Temple (0/1) D:7

Altars:
Gozag
Okawaru
Sif Muna
Uskayaw

Annotations:
D:5 Menkaure
D:7 Harold


Innate Abilities, Weirdness & Mutations

You are too large for most types of armour.
You have tough skin. (AC +1)


Message History

The large rock hits Harold but does no damage.
Harold throws a throwing net.
The throwing net hits you.
You become entangled in the net!
You cannot throw anything while held in a net.
Harold says, "Do you have any idea what people are willing to pay to have you killed, Garrluk?"
You struggle against the net.
Harold hits you from afar with a +0 glaive!
You struggle against the net.
Harold hits you from afar with a +0 glaive!!
You shred the net and break free!
Harold throws a throwing net.
The throwing net hits you.
You become entangled in the net!
You see here a throwing net.
You struggle against the net.
You struggle against the net.
Harold hits you from afar with a +0 glaive!!
You tear a large gash into the net.
Harold hits you from afar with a +0 glaive!!
* * * LOW HITPOINT WARNING * * *
You feel better.
Harold hits you from afar with a +0 glaive!!
You die...

..........# .. ..........### .#
..........#.. #####.#
..........#.#.# #.##..#
..........#.#.# #.##.###
####.###..#.#.######
##.)....###
#....##.#.#.......##..#[##...##
#.#........# #.#..##.####...
#.###......### #...###.# ###.
#.####.##.(..#####..# #.# #.
#..# #.##.##@.@##...###.# #.
##.# #.##.####.##.#..#..# ##
##)# #.#..# #....##...## #
###.)###.#..## ##..#####.#
....†..#>#...# ##....##..##
#...⌠..#...#.###...#......#
#......##..#.##..######.#.#
#.⌠.>.⌠##.##.##.## #...# #
##.....)...#.##.# #...## #
#..⌠..#...#.##.# #.#..## #
#.....#...#.##.# #.##..#####


You could see Harold.

Vanquished Creatures
  Pikel (D:7)
  2 orc warriors
  2 sky beasts
  A black bear (D:6)
  2 centaurs (D:6)
  A phantom (D:6)
  A big kobold (D:7)
  Blork the orc (D:4)
  5 bullfrogs
  2 scorpions (D:6)
  5 wights (D:6)
  6 crimson imps
  2 howler monkeys (D:6)
  A bullfrog skeleton (D:6)
  3 hounds
  A centaur skeleton (D:6)
  3 orc priests
  2 iguanas
  An orc wizard (D:7)
  Jessica (D:6)
  3 worker ants
  2 worker ant zombies
  4 gnolls (D:2)
  3 adders
  4 worms
  3 dart slugs (D:1)
  3 leopard geckos
  8 orcs
  2 giant cockroaches (D:2)
  4 goblins
  6 hobgoblins
  20 jackals
  A quokka (D:6)
  5 bats
  2 frilled lizards
  A jackal skeleton (D:6)
  13 kobolds
  A leopard gecko skeleton (D:7)
  A leopard gecko zombie (D:6)
  5 rats
134 creatures vanquished.

Vanquished Creatures (others)
  2 slaves (D:7)
  An orc priest (D:7)
3 creatures vanquished.

Grand Total: 137 creatures vanquished

Notes
Turn   | Place    | Note
-------+----------+-------------------------------------------
     0 | D:1      | Garrluk the Ogre Hunter began the quest for the Orb.
     0 | D:1      | Reached XP level 1. HP: 22/22 MP: 1/1
    46 | D:1      | Reached XP level 2. HP: 18/31 MP: 2/2
   531 | D:1      | Reached XP level 3. HP: 35/37 MP: 3/3
  1313 | D:2      | Reached XP level 4. HP: 35/46 MP: 4/4
  1444 | D:2      | Reached skill level 5 in Throwing
  1484 | D:2      | Found an iron altar of Okawaru.
  1490 | D:2      | Became a worshipper of Warmaster Okawaru
  2063 | D:3      | Reached XP level 5. HP: 44/54 MP: 5/5
  2219 | D:3      | Found an opulent altar of Gozag.
  2478 | D:3      | Found a faded altar of an unknown god.
  2671 | D:4      | Noticed Blork the orc
  2681 | D:4      | Killed Blork the orc
  2838 | D:4      | You fall into a shaft and drop 3 floors!
  2880 | D:7      | Reached XP level 6. HP: 50/63 MP: 6/6
  3025 | D:6      | Noticed a black bear
  3168 | D:6      | Killed a black bear
  3168 | D:6      | Reached skill level 5 in Fighting
  3168 | D:6      | Reached skill level 6 in Throwing
  3236 | D:6      | Noticed an orc warrior
  3344 | D:6      | Killed an orc warrior
  3344 | D:6      | Reached * piety under Okawaru
  3344 | D:6      | Reached XP level 7. HP: 59/72 MP: 7/7
  3490 | D:5      | Entered Level 5 of the Dungeon
  3549 | D:5      | Reached skill level 7 in Throwing
  3707 | D:6      | Reached XP level 8. HP: 19/83 MP: 8/8
  3830 | D:6      | Reached ** piety under Okawaru
  4207 | D:6      | Reached skill level 8 in Throwing
  4782 | D:6      | Reached skill level 5 in Dodging
  5143 | D:6      | Found a hide-covered altar of Uskayaw.
  5235 | D:6      | Noticed Jessica
  5260 | D:6      | Killed Jessica
  5317 | D:5      | Noticed Menkaure
  5589 | D:6      | Found a shimmering blue altar of Sif Muna.
  5731 | D:6      | Reached XP level 9. HP: 65/96 MP: 9/9
  5762 | D:6      | Reached skill level 9 in Throwing
  5998 | D:7      | Found a staircase to the Ecumenical Temple.
  6332 | D:7      | Reached *** piety under Okawaru
  6545 | D:7      | Noticed Pikel
  6570 | D:7      | Killed Pikel
  6635 | D:7      | Reached skill level 10 in Throwing
  6781 | D:7      | Noticed Harold
  6791 | D:7      | Slain by Harold

Levels and vault maps discovered:
D:1:      zelgadis_glass_arrival_small, layout_rooms
D:2:      layout_basic, okawaru_metal_pillars_3,
          hangedman_abyss_or_decor_lesser_grid
D:3:      layout_loops_ring, grunt_gozag_breadcrumbs,
          chequers_ecumenical_altar_grove, minivault_27
D:4:      layout_loops_cross, kennysheep_mini, kiku_gazebo_garden_becter,
          first_ration, uniq_blork_the_orc
D:5:      layout_rooms, uniq_prince_ribbit1, uniq_menkaure, uniq_edmund
D:6:      minmay_polygon_palace, layout_basic, tgw_sif, kennysheep_mini_moat
D:7:      layout_rooms, temple_fountains, columned_hall_lemuel, uniq_pikel,
          uniq_harold

Skill      XL: |  1  2  3  4  5  6  7  8  9 |
---------------+----------------------------+-----
Fighting       | 3 4 5 6 7 9 |  9.0
Dodging        | 2 3 4 5 6 |  6.1
Throwing       | 5 6 7 8 10 | 10.0
Stealth        | |  0.6

Action                   |  1- 3 |  4- 6 |  7- 9 || total
-------------------------+-------+-------+-------++-------
Melee: Short sword       |    76 |       |       ||    76
       Whip              |    22 |   137 |   345 ||   504
       Punch             |       |       |     1 ||     1
Throw: Large rock        |    13 |    26 |    55 ||    94
       Stone             |    31 |    53 |   142 ||   226
       Throwing net      |       |       |     9 ||     9
       Javelin           |       |       |     7 ||     7
Invok: Heroism           |       |       |     1 ||     1
  Use: Potion            |     2 |       |     2 ||     4
 Stab: Held in net/web   |       |       |     1 ||     1
  Eat: Chunk             |     1 |     7 |     8 ||    16
       Ration            |       |       |     1 ||     1
Armor: Robe              |    41 |    35 |   131 ||   207
Dodge: Dodged            |    66 |    91 |   264 ||   421
